 Dungeon Crawl Stone Soup version 0.21-a0-496-g696f58f (webtiles) character file.

1384 tof the Cleaver (level 8, -2/71 HPs)
             Began as a Minotaur Berserker on Nov 23, 2017.
             Was a Priest of Trog.
             Slain by a worker ant (4 damage)
             ... on level 7 of the Dungeon.
             The game lasted 00:06:33 (6167 turns).

tof the Cleaver (Minotaur Berserker)                Turns: 6167, Time: 00:06:34

Health: -2/71      AC:  3    Str: 23    XL:     8   Next: 40%
Magic:  7/7        EV: 13    Int:  4    God:    Trog [***...]
Gold:   314        SH:  0    Dex: 11    Spells: 7/7 levels left

rFire    . . .     SeeInvis .   G - +4 battleaxe (freeze)
rCold    . . .     Gourm    .   (shield currently unavailable)
rNeg     . . .     Faith    .   m - +0 leather armour
rPois    .         Spirit   .   (helmet restricted)
rElec    .         Reflect  .   (no cloak)
rCorr    .         Harm     .   (no gloves)
MR       .....                  (no boots)
Stlth    +.........             (no amulet)
HPRegen  0.21/turn              (no ring)
MPRegen  0.10/turn              (no ring)

@: lethally poisoned (-2 -> -39), drained
A: retaliatory headbutt, horns 2, blurry vision 1
a: Berserk, Trog's Hand, Burn Spellbooks, Renounce Religion


You were on level 7 of the Dungeon.
You worshipped Trog.
Trog was most pleased with you.
You were near starving.

You visited 1 branch of the dungeon, and saw 7 of its levels.

You collected 314 gold pieces.

Inventory:

Hand Weapons
 a - a +0 hand axe
 G - a +4 battleaxe of freezing (weapon)
Missiles
 v - 6 javelins (quivered)
Armour
 b - a +0 animal skin
 m - a +0 leather armour (worn)
Jewellery
 F - an uncursed amulet of rage {unknown}
Wands
 u - a wand of iceblast (6)
 y - a wand of flame (3)
Scrolls
 d - 2 scrolls of fog {unknown}
 e - 5 scrolls of teleportation {unknown}
 f - 2 scrolls of enchant armour {unknown}
 g - a scroll of blinking {unknown}
 i - 2 scrolls of fear {unknown}
 j - 4 scrolls of identify {unknown}
 l - 2 scrolls of immolation {unknown}
 n - 2 scrolls of amnesia {unknown}
 t - a scroll of remove curse {unknown}
 x - a scroll of noise {unknown}
 z - a scroll of enchant weapon {unknown}
 A - a scroll of magic mapping {unknown}
Potions
 k - a potion of agility {unknown}
 o - 3 potions of heal wounds
 p - a potion of brilliance {unknown}
 q - a potion of flight {unknown}
 r - a potion of cancellation {unknown}
 s - 2 potions of degeneration {unknown}
 w - 3 potions of curing {unknown}
 C - a potion of haste {unknown}
 D - 2 potions of lignification {unknown}
Books
 E - a book of Minor Magic

   Spells                             Type                      Level
   a - Magic Dart                     Conjuration                  1
   b - Blink                          Translocation                2
   c - Call Imp                       Summoning                    2
   d - Slow                           Hexes                        2
   e - Conjure Flame                  Conjuration/Fire             3
   f - Mephitic Cloud                 Conjuration/Poison/Air       3
   Trog disapproves of the use of such an item.
Comestibles
 c - 6 bread rations
 h - 3 meat rations
 B - 3 fruits


   Skills:
 + Level 6.5(5.4) Fighting
 * Level 8.7(7.5) Axes
 + Level 6.0(4.9) Armour
 + Level 5.5(4.4) Dodging


You had 7 spell levels left.
You didn't know any spells.

Dungeon Overview and Level Annotations

Branches:
Dungeon (7/15)             Temple (0/1) D:5

Altars:
Ashenzari
Cheibriados
Dithmenos
Elyvilon
Makhleb
Ru
The Shining One

Shops:
D:6 *

Annotations:
D:3 walls
D:7 kae's ghost, novice GrEE


Innate Abilities, Weirdness & Mutations

You reflexively headbutt those who attack you in melee.
You have a pair of horns on your head.
Scrolls take you a little longer to read.


Message History

You barely miss kae's ghost. You closely miss the worker ant.
You feel sick. The bullfrog hits you. The worker ant bites you.
You are more poisoned.
The worker ant poisons you! Kae's ghost hits you!
* * * LOW HITPOINT WARNING * * *
You are lethally poisoned!
The bullfrog hits you.
* * * LOW HITPOINT WARNING * * *
You completely miss the worker ant. You slash kae's ghost!
You freeze kae's ghost. You slash the bullfrog! You freeze the bullfrog.
* * * LOW HITPOINT WARNING * * *
You feel very sick. The worker ant closely misses you. The bullfrog hits you.
* * * LOW HITPOINT WARNING * * *
Kae's ghost hits you!
* * * LOW HITPOINT WARNING * * *
You are more poisoned.
The bullfrog hits you but does no damage.
The worker ant bites you.
You die...

#.. #########......
#.############......
###...#.<.............
##.......###..###......
.............## #.#####
####...##### #.#
###.#.......##.#
#..a#######....# #.#@#
... #.W.F..# #.
#......# ........#
#........# #.##......
#. #....... # #........


You could see a bullfrog, a worker ant and kae's ghost.

Vanquished Creatures
  An ice beast (D:5)
  A sky beast (D:3)
  A phantom (D:4)
  A water moccasin skeleton (D:2)
  10 wights (D:6)
  A bullfrog zombie (D:6)
  2 crimson imps
  4 hounds
  2 jellies
  2 orc priests (D:6)
  Ijyb (D:4)
  An iguana (D:4)
  2 orc wizards (D:5)
  A hound skeleton (D:4)
  5 adders
  5 gnolls
  An adder skeleton (D:4)
  A worm (D:2)
  3 dart slugs
  2 leopard geckos
  17 orcs
  A ball python (D:1)
  7 bats
  3 giant cockroaches
  5 goblins
  8 hobgoblins
  3 jackals (D:4)
  5 kobolds
  5 quokkas
  6 frilled lizards
  7 rats
114 creatures vanquished.

Notes
Turn   | Place    | Note
-------+----------+-------------------------------------------
     0 | D:1      | tof the Minotaur Berserker began the quest for the Orb.
     0 | D:1      | Reached XP level 1. HP: 19/19 MP: 0/0
   170 | D:1      | Reached XP level 2. HP: 26/27 MP: 1/1
   222 | D:1      | Reached skill level 4 in Axes
   760 | D:2      | Found a burning altar of Makhleb.
   770 | D:2      | Found a sacrificial altar of Ru.
   848 | D:2      | Reached XP level 3. HP: 33/33 MP: 2/2
  1096 | D:2      | Reached XP level 4. HP: 36/40 MP: 3/3
  1197 | D:2      | Reached skill level 5 in Axes
  1427 | D:2      | Reached XP level 5. HP: 40/47 MP: 4/4
  2058 | D:3      | Found a shadowy altar of Dithmenos.
  2080 | D:3      | Reached ** piety under Trog
  2112 | D:3      | Noticed a sky beast
  2129 | D:3      | Killed a sky beast
  2133 | D:3      | Gained mutation: Scrolls take you a little longer to read. [mutagenic meat]
  2608 | D:3      | Found a snail-covered altar of Cheibriados.
  3162 | D:4      | Reached XP level 6. HP: 46/55 MP: 5/5
  3273 | D:4      | Reached skill level 6 in Axes
  3285 | D:4      | Reached skill level 5 in Fighting
  3574 | D:4      | Noticed Ijyb
  3587 | D:4      | Killed Ijyb
  3983 | D:4      | Reached XP level 7. HP: 53/61 MP: 6/6
  4103 | D:5      | Entered Level 5 of the Dungeon
  4155 | D:5      | Reached skill level 7 in Axes
  4323 | D:5      | Reached skill level 5 in Armour
  4668 | D:5      | Found a staircase to the Ecumenical Temple.
  4685 | D:5      | Reached *** piety under Trog
  5245 | D:6      | Reached skill level 5 in Dodging
  5245 | D:6      | Reached XP level 8. HP: 70/70 MP: 7/7
  5249 | D:6      | Reached skill level 8 in Axes
  5557 | D:6      | Found a shattered altar of Ashenzari.
  5563 | D:6      | HP: 1/70 [wight/battleaxe of freezing (3)]
  5902 | D:6      | Found Xeaw's Elemental Accessories.
  6108 | D:6      | Found a glowing golden altar of the Shining One.
  6108 | D:6      | Found a white marble altar of Elyvilon.
  6161 | D:7      | Noticed kae's ghost (novice GrEE)
  6167 | D:7      | HP: 2/71 [kae's ghost (7)]
  6167 | D:7      | Slain by a worker ant

Vault maps used:
D:1:      minmay_arrival_checkered_box
D:2:      hangedman_ru_absence, nicolae_overflow_hidden_temple,
          grunt_decor_fettered
D:3:      overflow_temple_1_default, kennysheep_slug_shrine, serial_bayou,
          serial_bayou_pond_a, serial_bayou_pond_d, serial_bayou_pond_d,
          serial_bayou_lagoon_a, chequers_big_river
D:4:      first_bread, uniq_ijyb
D:5:      minmay_temple_entry_nine_rooms
D:6:      minitemple, nicolae_elemental_shop
D:7:      minmay_fountain_box

Skill      XL: |  1  2  3  4  5  6  7  8 |
---------------+-------------------------+-----
Axes           | 4 5 6 7 8 |  8.7
Fighting       | 4 5 6 |  6.5
Armour         | 3 4 5 6 |  6.0
Dodging        | 3 4 5 |  5.5

Action                   |  1- 3 |  4- 6 |  7- 9 || total
-------------------------+-------+-------+-------++-------
Melee: Hand axe          |    53 |   136 |   107 ||   296
       Headbutt          |     3 |    22 |    26 ||    51
       Battleaxe         |       |       |    16 ||    16
Throw: Javelin           |       |     2 |       ||     2
Invok: Berserk           |       |     2 |     3 ||     5
       Trog's Hand       |       |       |     3 ||     3
  Use: Potion            |       |       |     2 ||     2
  Eat: Chunk             |       |    12 |     5 ||    17
       Bread ration      |       |       |     1 ||     1
Armor: Animal skin       |    10 |       |       ||    10
       Leather armour    |     8 |    26 |    22 ||    56
Dodge: Dodged            |    31 |    91 |    55 ||   177

Table legend:
 A = Spawn XP
 B = Non-spawn XP
 C = Spawn XP percentage of total XP
 D = Spawn monster count
 E = Non-spawn monster count
 F = Spawn count percentage of total count
 G = Total turns spent on level
                    A         B        C        D         E        F      G
               +---------+---------+-------+---------+---------+-------+---------
         Total |       0 |    1978 |   0.0 |       0 |     114 |   0.0 |  6167
               +---------+---------+-------+---------+---------+-------+---------
           D:1 |       0 |      38 |   0.0 |       0 |      17 |   0.0 |   760
           D:2 |       0 |     172 |   0.0 |       0 |      19 |   0.0 |  1280
           D:3 |       0 |     166 |   0.0 |       0 |      19 |   0.0 |  1109
           D:4 |       0 |     375 |   0.0 |       0 |      19 |   0.0 |   954
           D:5 |       0 |     390 |   0.0 |       0 |      17 |   0.0 |   985
           D:6 |       0 |     787 |   0.0 |       0 |      22 |   0.0 |  1047
           D:7 |       0 |      50 |   0.0 |       0 |       1 |   0.0 |    32
               +---------+---------+-------+---------+---------+-------+---------
